 Dungeon Crawl Stone Soup version 0.29.1-15-g9cfb28693d (webtiles) character file.

Game seed: 9777098113291647878

587 protoss039 the Digger (level 7, 52/52 HPs)
             Began as a Demonspawn Earth Elementalist on Mar 17, 2023.
             Got out of the dungeon alive.
             The game lasted 00:08:02 (3705 turns).

protoss039 the Digger (DsEE)                        Turns: 3705, Time: 00:08:02

Health: 52/52      AC:  9    Str:  9    XL:     7   Next: 15%
Magic:  21/21      EV: 10    Int: 18    God:
Gold:   225        SH:  0    Dex: 13    Spells: 7/13 levels left

rFire   . . .      SeeInvis .   r - +0 hand axe (vorpal)
rCold   . . .      Faith    .   (no shield)
rNeg    . . .      Spirit   .   s - +0 ring mail
rPois   .          Reflect  .   (helmet restricted)
rElec   .          Harm     .   (no cloak)
rCorr   .          Rampage  .   y - +0 pair of gloves
Will    .....                   (no boots)
Stlth   +.........              h - amulet of regeneration
HPRegen 0.97/turn               p - ring of magical power
MPRegen 0.17/turn               (no ring)

@: no status effects
A: antennae 1, icy blue scales 2, powered by death 1
a: no special abilities


You escaped.
You visited 2 branches of the dungeon, and saw 6 of its levels.

You collected 225 gold pieces.

Inventory:

Hand Weapons
 r - a +0 vorpal hand axe (weapon)
Missiles
 g - 6 poisoned darts (quivered)
Armour
 s - a +0 ring mail (worn)
 y - a +0 pair of gloves (worn)
 A - a +0 helmet
Jewellery
 h - an amulet of regeneration (around neck)
 p - a ring of magical power (left hand)
 w - the ring "Gitzyts" {+Blink rElec rF- Int+6}
   (You found it on level 5 of the Dungeon)

   [ring of intelligence]

   Int:       It affects your intelligence (+6).
   rF:        It makes you vulnerable to fire.
   rElec:     It insulates you from electricity.
   +Blink:    It lets you blink.
Wands
 q - a wand of iceblast (9)
Scrolls
 c - a scroll of identify
 e - 3 scrolls of poison
 f - 4 scrolls of teleportation
 k - a scroll of amnesia
 l - a scroll of summoning {unknown}
 n - a scroll of magic mapping {unknown}
 o - 2 scrolls of fear
 u - a scroll of blinking {unknown}
Potions
 a - a potion of resistance {unknown}
 b - 2 potions of magic
 d - a potion of attraction {unknown}
 i - 3 potions of cancellation {unknown}
 j - a potion of degeneration {unknown}
 m - a potion of heal wounds {unknown}
 t - 2 potions of brilliance {unknown}
 v - a potion of mutation {unknown}
 x - a potion of haste {unknown}
 z - a potion of curing {unknown}


   Skills:
 + Level 3.2 Fighting
 - Level 3.0 Armour
 - Level 1.7 Dodging
 - Level 1.7 Stealth
 + Level 3.7 Spellcasting
 + Level 2.6 Conjurations
 - Level 0.8 Transmutations
 + Level 4.2 Earth Magic


You had 7 spell levels left.
You knew the following spells:

 Your Spells              Type           Power      Damage    Failure   Level
a - Sandblast             Erth           36%        2d10      7%          1
b - Passwall              Tmut/Erth      10%        N/A       22%         2
c - Stone Arrow           Conj/Erth      30%        3d8       28%         3

Your spell library contained the following spells:

 Spells                   Type           Power      Damage    Failure   Level
 Magic Dart               Conj           48%        1d5       14%         1
 Beastly Appendage        Tmut           12%        N/A       28%         1
 Wereblood                Tmut           6%         N/A       38%         2
 Call Imp                 Summ           3%         N/A       52%         2
 Scorch                   Fire           6%         2d5       52%         2
 Mephitic Cloud           Conj/Pois/Air  6%         N/A       63%         3
 Spider Form              Tmut/Pois      4%         N/A       69%         3
 Petrify                  Tmut/Erth      12%        N/A       80%         4
 Animate Armour           Summ/Erth      20%        N/A       86%         4
 Flame Wave               Conj/Fire      8%         2d5       93%         4
 Summon Cactus Giant      Summ           1%         N/A       100%        6
 Lehudib's Crystal Spear  Conj/Erth      7%         10d3      100%        8
 Chain Lightning          Conj/Air       4%         3d5       100%        9
 Fire Storm               Conj/Fire      4%         8d1       100%        9
 Shatter                  Erth           9%         3d11*     100%        9


Dungeon Overview and Level Annotations

Branches:
Dungeon (5/15) Zot: 26258  Temple (1/1) D:4 Zot: 5963

Altars:
Ashenzari
Cheibriados
Dithmenos
Fedhas
Hepliaklqana
Nemelex Xobeh
Ru
Sif Muna
Trog
Uskayaw
Wu Jian
Yredelemnul

Shops:
D:5 [


Innate Abilities, Weirdness & Mutations

You have a pair of small antennae on your head.
You are mostly covered in icy blue scales. (AC +3)
You regenerate a little health from kills.


Message History

Casting: Sandblast (safe; 8% risk of failure)
Confirm with . or Enter, or press ? or * to list all spells.
Aiming: Sandblast (safe; 8% risk of failure)
Press: ? - help, Shift-Dir - straight line, f/p - ogre
Aim: an ogre, wielding a +0 giant club (severely wounded, 91% to hit)
The blast of sand hits the ogre!
You kill the ogre!
Your life force feels restored.
You have reached level 7!
Your demonic ancestry asserts itself...
A pair of antennae grows on your head!
Your +0 helmet falls away!
Unknown command.
Your magical contamination has completely faded away.
You see here an adder corpse.
Items here: ))) [[[.
Items here: )) [[.
There is a stone staircase leading up here.
You climb upwards.
There is a stone staircase leading down here.
Unknown command.
(D) Dungeon (T) Temple
Where to? (Enter - D:5 @ (x,y), ? - help)
What level of the Dungeon? (default 1, ? - help)
You see here a +0 short sword.
There is a stone staircase leading up here.
You climb upwards.
There is a stone staircase leading down here.
There is a stone staircase leading up here.
You climb upwards.
There is a stone staircase leading down here.
There is a stone staircase leading up here.
You climb upwards.
There is a stone staircase leading down here.
You see here a +0 club.
There is an open door here.
There is an open door here.
There is a staircase leading out of the dungeon here.
Are you sure you want to leave the Dungeon?
This will make you lose the game!
You have escaped!

#.......#.#.#.##.##..##
#.............##....##
#######.#.#.#######.###
#.#....######..##
#.###............
#......#........#
###########.......+
#...# #..........#
#.@.# ##.###..##+##
#...###..# ##..#.#.
###'###..## ##.#.#.
#####.....'.## #...#.
#...#.....#.# ####..#.
#.8.+..⌠..#.# #.......
#...#.....#.# #.......
#####.....+.# #.......
###+##### #.......


There were no monsters in sight!

Vanquished Creatures
  Eustachio (D:5)
  A black bear (D:3)
  An ogre (D:5)
  A necrophage (D:5)
  A jelly (D:4)
  A hound (D:4)
  An iguana (D:5)
  2 orc wizards (D:5)
  2 adders
  2 dart slugs
  7 orcs
  6 bats
  3 endoplasms
  2 giant cockroaches
  6 goblins
  6 hobgoblins
  3 jackals (D:1)
  2 quokkas
  5 ball pythons
  A frilled lizard (D:1)
  5 kobolds
  5 rats
64 creatures vanquished.

Notes
Turn   | Place    | Note
-------+----------+-------------------------------------------
     0 | D:1      | protoss039 the Demonspawn Earth Elementalist began the
                  | quest for the Orb.
     0 | D:1      | Reached XP level 1. HP: 13/13 MP: 3/3
   349 | D:1      | Gained mutation: You regenerate a little health from kills.
                  | [demonic ancestry]
   349 | D:1      | Reached XP level 2. HP: 17/20 MP: 1/5
   358 | D:1      | Reached skill level 1 in Fighting
   511 | D:1      | Reached skill level 3 in Earth Magic
  1026 | D:2      | Found a sparkling altar of Nemelex Xobeh.
  1252 | D:2      | Reached XP level 3. HP: 26/26 MP: 4/6
  1636 | D:2      | Learned a level 2 spell: Passwall
  1640 | D:2      | Learned a level 3 spell: Stone Arrow
  1886 | D:3      | Found a basalt altar of Yredelemnul.
  1907 | D:3      | Found a bloodstained altar of Trog.
  2328 | D:3      | Noticed a black bear
  2332 | D:3      | Killed a black bear
  2333 | D:3      | Reached skill level 1 in Armour
  2333 | D:3      | Reached skill level 1 in Conjurations
  2333 | D:3      | Gained mutation: You are partially covered in icy blue
                  | scales. (AC +2) [demonic ancestry]
  2333 | D:3      | Reached XP level 4. HP: 33/33 MP: 8/8
  2333 | D:3      | Reached XP level 5. HP: 38/38 MP: 9/9
  2553 | D:3      | Found a shadowy altar of Dithmenos.
  2775 | D:4      | Found a staircase to the Ecumenical Temple.
  2798 | Temple   | Entered the Ecumenical Temple
  2798 | Temple   | Found a transporter.
  2798 | Temple   | Found a transporter.
  2800 | Temple   | Found a transporter.
  2800 | Temple   | Found a transporter.
  3077 | D:5      | Entered Level 5 of the Dungeon
  3077 | D:5      | Found Xutzob's Armour Shop.
  3092 | D:5      | Noticed Eustachio
  3184 | D:5      | Gained mutation: You are mostly covered in icy blue scales.
                  | (AC +3) [demonic ancestry]
  3184 | D:5      | Reached XP level 6. HP: 46/46 MP: 10/10
  3195 | D:5      | Identified the ring "Gitzyts" {+Blink rElec rF- Int+6}
  3266 | D:5      | Killed Eustachio
  3306 | D:5      | Reached skill level 4 in Earth Magic
  3365 | D:5      | Found a hazy altar of Hepliaklqana.
  3550 | D:5      | Gained mutation: You have a pair of small antennae on your
                  | head. [demonic ancestry]
  3550 | D:5      | Reached XP level 7. HP: 35/52 MP: 12/12
  3705 | D:$      | Got out of the dungeon alive.

Illustrated notes

Levels and vault maps discovered:
D:1:      minmay_arrival_stair_chambers, layout_basic, palyth_stone_intersect,
          bh_walls_and_bars
D:2:      layout_basic, basic_altar
D:3:      layout_loops_cross, lemuel_coloured_pillars_altar,
          nicolae_overflow_hidden_temple, nicolae_overflow_squiral
D:4:      layout_rooms, temple_statues
D:5:      layout_basic, nzn_hepliaklqana_mist_gate, serial_shops,
          nicolae_shop_stone, minmay_misc_feat_nine_boxes,
          uniq_crazy_yiuf_cottage, uniq_sigmund, uniq_menkaure, uniq_eustachio
Temple:   hellmonk_temple_divided_pantheon

Skill      XL: |  1  2  3  4  5  6 |
---------------+-------------------+-----
Fighting       | 1 2 3 |  3.2
Earth Magic    | 3 4 |  4.2
Armour         | 1 2 3 |  3.0
Conjurations   | 1 2 |  2.6
Spellcasting   | 3 |  3.7
Dodging        | |  1.7
Stealth        | |  1.7
Transmutations | |  0.8

Action                   |  1- 3 |  4- 6 |  7- 9 || total
-------------------------+-------+-------+-------++-------
Melee: Unarmed           |    23 |       |       ||    23
       Hand axe          |     4 |    94 |       ||    98
       Punch             |       |     2 |       ||     2
Throw: Dart              |     3 |       |       ||     3
 Cast: Sandblast         |    45 |    33 |       ||    78
       Passwall          |       |     1 |       ||     1
Evoke: Wand              |     1 |       |       ||     1
  Use: Scroll            |       |     5 |       ||     5
 Stab: Sleeping          |       |     1 |       ||     1
Armor: Robe              |    16 |       |       ||    16
       Ring mail         |     1 |    61 |       ||    62
Dodge: Dodged            |    40 |    90 |       ||   130
